 Dungeon Crawl Stone Soup version 0.17.1-3-g152610e (webtiles) character file.

481558 nebel the Ninja (level 23, -31/151 HPs)
             Began as a Spriggan Enchanter on Apr 14, 2016.
             Was the Champion of Dithmenos.
             Killed from afar by a shard shrike (glowing shapeshifter) (41 damage)
             ... with a shard of ice
             ... on level 5 of the Vaults.
             The game lasted 05:13:18 (74661 turns).

nebel the Ninja (Spriggan Enchanter)               Turns: 74661, Time: 05:13:18

Health: -31/151    AC:  9    Str:  9    XL:     23   Next: 71%
Magic:  16/46      EV: 46    Int: 22    God:    Dithmenos [******]
Gold:   3001       SH: 13    Dex: 28    Spells: 10 memorised, 15 levels left

rFire  . . .     SeeInvis +     O - +9 dagger (holy)
rCold  + . .     Clarity  .     Q - +3 robe of the Moon {+Inv rPois Int+3}
rNeg   . . .     SustAt   .     G - +3 buckler {rPois}
rPois  +         Gourm    .     u - +2 hat
rElec  .         Spirit   .     D - +1 cloak of the Mantidfly {*Contam rC+ MR++ Stlth+}
rCorr  .         Warding  .     (gloves unavailable)
rMut   .         Stasis   .     (boots unavailable)
MR     +++++                    (no amulet)
Stlth  ++++++++++               y - ring "Wourphal" {MR+ MP+9 Str+3 Int-2 Dex+4}
                                K - ring "Deditz" {rPois Dex+4 SInv Stlth+}

@: about to teleport, very slightly contaminated, wreathed by umbra, studying
Hexes, invisible, very quick, almost entirely resistant to hostile enchantments,
uncannily stealthy
A: unfitting armour, see invisible, herbivore 3, speed 3, poison resistance,
robust 2, slow metabolism 2, MP-powered wands
a: Shadow Step, Shadow Form, Renounce Religion
}: 2/15 runes: serpentine, barnacled


You were on level 5 of the Vaults.
You worshipped Dithmenos.
Dithmenos was exalted by your worship.
You were not hungry.

You visited 9 branches of the dungeon, and saw 48 of its levels.
You also visited: Labyrinth.

You collected 6461 gold pieces.
You spent 3460 gold pieces at shops.

Inventory:

Hand Weapons
 O - a +9 dagger of holy wrath (weapon)
Armour
 p - a +2 robe of resistance
 u - a +2 hat (worn)
 D - the +1 cloak of the Mantidfly (worn) {*Contam rC+ MR++ Stlth+}
   (You found it on level 3 of the Elven Halls)

   It protects you from cold.
   It affects your resistance to hostile enchantments.
   It causes magical contamination when unequipped.
   It makes you more stealthy.
 G - a +3 buckler of poison resistance (worn)
 Q - the +3 robe of the Moon (worn) {+Inv rPois Int+3}
   (You found it on level 3 of the Elven Halls)

   It affects your intelligence (+3).
   It protects you from poison.
   It lets you turn invisible.
 S - the +0 robe "Emudoj" {rElec}
   (You found it on level 3 of the Elven Halls)

   It insulates you from electricity.
 X - a +2 robe of the Archmagi
Jewellery
 a - an uncursed ring of protection from fire
 b - the amulet of Cekugob {Ward -Tele rElec rPois rN++ AC+1 EV+1}
   (You found it on level 3 of the Elven Halls)

   [amulet of warding]

   It may prevent the melee attacks of summoned creatures.
   It affects your AC (+1).
   It affects your evasion (+1).
   It insulates you from electricity.
   It protects you from poison.
   It greatly protects you from negative energy.
   It prevents most forms of teleportation.
 m - an uncursed amulet of clarity
 x - an uncursed ring of protection from magic
 y - the ring "Wourphal" (right hand) {MR+ MP+9 Str+3 Int-2 Dex+4}
   (You found it on level 2 of the Depths)

   [ring of protection from magic]

   It affects your strength (+3).
   It affects your intelligence (-2).
   It affects your dexterity (+4).
   It affects your resistance to hostile enchantments.
   It affects your magic capacity (+9).
 K - the ring "Deditz" (left hand) {rPois Dex+4 SInv Stlth+}
   (You found it on level 3 of the Elven Halls)

   [ring of stealth]

   It affects your dexterity (+4).
   It protects you from poison.
   It lets you see invisible.
   It makes you more stealthy.
Wands
 g - a wand of teleportation (6)
 k - a wand of lightning (9)
 l - a wand of fireball (6)
 q - a wand of paralysis (8)
 A - a wand of teleportation (3)
 B - a wand of digging (12)
 R - a wand of draining (5)
 T - a wand of polymorph (9)
 W - a wand of disintegration (8)
Scrolls
 f - 2 scrolls of enchant armour
 h - a scroll of brand weapon
 i - 12 scrolls of teleportation
 r - 23 scrolls of remove curse
 t - 26 scrolls of identify
 v - 10 scrolls of fear
 E - 10 scrolls of magic mapping
 F - a scroll of enchant weapon
 I - 9 scrolls of blinking
 J - 6 scrolls of recharging
 P - 6 scrolls of fog
 Y - a scroll of holy word
Potions
 c - 5 potions of flight
 e - 5 potions of agility
 j - 7 potions of might
 n - 2 potions of cure mutation
 o - a potion of magic
 s - 5 potions of brilliance
 H - 8 potions of haste
 L - a potion of invisibility
 M - 3 potions of resistance
 N - a potion of cancellation
 V - 16 potions of curing
Books
 w - a manual of Hexes
 C - an Akashic Record

   Spells                             Type                      Level
   a - Dispersal                      Translocation                6
   b - Malign Gateway                 Summoning/Translocation      7
   c - Disjunction                    Translocation                8
   d - Controlled Blink               Translocation                8
Miscellaneous
 U - a disc of storms
 Z - a stone of tremors
Comestibles
 d - 25 bread rations


   Skills:
 - Level 15.0 Fighting
 - Level 17.9 Short Blades
 + Level 26.4 Dodging
 O Level 27 Stealth
 - Level 8.4 Shields
 - Level 9.1 Spellcasting
 - Level 15.0 Hexes
 - Level 5.6 Invocations
 - Level 17.0 Evocations


You had 15 spell levels left.
You knew the following spells:

 Your Spells              Type           Power        Failure   Level  Hunger
a - Corona                Hex            ######.      0%          1    None
b - Ensorcelled Hibernat  Hex/Ice        #####.       1%          2    None
c - Confuse               Hex            ######..     1%          3    None
d - Dazzling Spray        Conj/Hex       #####...     1%          3    None
e - Gell's Gravitas       Hex/Tloc       #####.....   1%          3    None
f - Leda's Liquefaction   Hex/Erth       #####.....   3%          4    ##.....
g - Apportation           Tloc           ##........   10%         1    None
h - Blink                 Tloc           N/A          12%         2    None
i - Cause Fear            Hex            ######....   1%          4    ##.....
j - Repel Missiles        Chrm/Air       ##....       12%         2    None


Dungeon Overview and Level Annotations

Branches:
Dungeon (15/15)            Temple (1/1) D:7            Lair (8/8) D:11
 Shoals (4/4) Lair:4        Snake (4/4) Lair:4        Slime (0/6) Lair:6
    Orc (4/4) D:10            Elf (3/3) Orc:4        Vaults (5/5) D:14
  Crypt (0/3) Vaults:2     Depths (4/5) D:15

Altars:
Ashenzari
Cheibriados
Dithmenos
Elyvilon
Fedhas
Gozag
Kikubaaqudgha
Makhleb
Nemelex Xobeh
Okawaru
Qazlal
Ru
Sif Muna
Trog
Vehumet
Xom
Yredelemnul
Zin
The Shining One
Beogh
Jiyva

Shops:
D:8 *   D:12 ?   D:13 (   D:14 =   Orc:3 =   Orc:4 ?*[(   Elf:1 =   Shoals:2 *}
Vaults:4 *   Depths:1 **   Depths:3 *

Portals:
Hell: Depths:2 Depths:3 Depths:4
Abyss: Depths:2 Depths:3 Depths:4
Pandemonium: Depths:1 Depths:2 Depths:3
Ziggurat: Depths:3

Annotations:
D:6 Grinder
Vaults:5 Boris
Depths:1 1 exclusion
Depths:2 Margery


Innate Abilities, Weirdness & Mutations

You are tiny and cannot use many weapons and most armour.
You have supernaturally acute eyesight.
You are a herbivore.
You cover ground extremely quickly.
You need consume almost no food.
Your system is resistant to poisons.
You are very robust (+20% HP).
You expend magic power (3 MP) to strengthen your wands.


Message History

The titan waves its arms in wide circles.
The air twists around and strikes you!
* * * LOW HITPOINT WARNING * * *
You hear a shout!
A titan comes into view.
The titan changes into a juggernaut!
The juggernaut changes into a titan!
The war gargoyle launches metal splinters at you.
The spray of metal splinters misses you.
Drink which item? (? for menu, Esc to quit)
You fade into invisibility!
The titan changes into a juggernaut!
You block the war gargoyle's attack.
You are very lightly contaminated with residual magic.
The juggernaut changes into a shard shrike!
Read which item? (? for menu, Esc to quit)
As you read the scroll of teleportation, it crumbles to dust.
You feel strangely unstable.
The shard shrike spits a shard of ice at you.
The shard of ice hits you! You partially resist.
You die...

.)§§§§§......C....#
#..###########.#..#
#..#.........#.#C.#
#..#.........#.#..#
#..#...(.....#.#..#
#..#.........#.#..#
#..#.........#(#b9#
#..#.........#.#..#
#).).........# #@.#
############## #..#
#..# #..# #..# #..#
#..# #..#


You could see a titan, a shard shrike shaped shifter and a war gargoyle.

Vanquished Creatures
  Boris (Vaults:4)
  Norris (Depths:1)
  Saint Roka (Depths:2)
  4 golden dragons
  Jorgrun (Shoals:2)
  A lich (Depths:4)
  Rupert (Orc:4)
  A titan (Vaults:5)
  Asterion (Elf:1)
  4 deep elf master archers (Elf:3)
  6 deep elf blademasters
  A kraken (Shoals:3)
  A sphinx (Depths:2)
  Polyphemus (Shoals:1)
  Agnes (Elf:2)
  11 greater nagas
  5 storm dragons
  Ilsuiw (Shoals:4)
  4 tengu reavers
  9 frost giants
  10 vault wardens
  Maud (Lair:3)
  8 fire giants
  6 deep elf sorcerers (Elf:3)
  Louise (Depths:4)
  The ghost of Wabnappa the Peltast, a journeyman DsGl of Qazlal (Shoals:2)
  The ghost of crossborder the Severer, a journeyman HOFi of Beogh (D:15)
  An orc warlord (Orc:4)
  14 ironheart preservers
  21 stone giants
  A spriggan defender (Depths:3)
  2 war gargoyles (Vaults:5)
  3 very ugly things (Depths:3)
  A salamander firebrand (Depths:3)
  4 deep elf demonologists
  4 vampire knights
  Azrael (Orc:4)
  7 deep elf annihilators
  7 ettins
  3 salamander stormcallers
  Snorg (D:13)
  4 merfolk javelineers
  21 vault guards
  4 deep elf death magi
  7 merfolk impalers
  Erolcha (D:11)
  10 fire dragons
  A great orb of eyes (shapeshifter) (Depths:1)
  5 entropy weavers (Depths:2)
  15 great orbs of eyes
  7 hydras
  9 yaktaur captains
  2 deep elf high priests (Elf:3)
  5 ice dragons
  Harold (Orc:1)
  8 rakshasas
  19 naga warriors
  A minotaur (Lab)
  2 spriggan air magi
  3 catoblepae
  A merfolk avatar (Shoals:4)
  18 centaur warriors
  12 death yaks
  10 deep troll earth magi
  4 merfolk aquamancers
  12 dancing weapons (Elf:2)
  8 anacondas
  An anaconda (shapeshifter) (Depths:3)
  2 alligator snapping turtles
  14 ogre magi
  A death knight (Depths:2)
  4 tengu warriors
  2 satyrs
  15 deep troll shamans
  10 orc high priests
  2 spriggan berserkers (Depths:3)
  Urug (Lair:3)
  A sun demon (Depths:1)
  8 shock serpents
  A soul eater (Depths:1)
  12 naga sharpshooters
  Sonja (Lair:3)
  Nergalle (Lair:3)
  15 hell knights
  3 salamander mystics
  20 deep elf knights
  4 iron trolls
  A skeletal warrior (D:14)
  6 sea snakes
  An unseen horror (shapeshifter) (Depths:1)
  27 deep trolls
  3 unseen horrors (Depths:3)
  A shadow demon (Depths:1)
  A putrid demonspawn (Depths:1)
  12 deep elf summoners
  3 giant orange brains
  An orb spider (shapeshifter) (Elf:2)
  Pikel (D:5)
  6 hill giants
  A lindwurm (Lair:8)
  4 wizards
  9 naga ritualists
  14 griffons
  9 deep elf conjurers
  23 harpies
  A harpy (shapeshifter) (Vaults:2)
  10 ironbrand convokers
  12 orc knights
  4 necromancers
  14 salamanders
  4 water nymphs
  11 fauns
  7 orc sorcerers
  7 wolf spiders
  39 ugly things
  A shining eye (shapeshifter) (Depths:2)
  A hornet (Vaults:3)
  10 mana vipers
  An elephant (shapeshifter) (D:15)
  11 manticores
  13 vault sentinels
  A rust devil (Depths:1)
  13 elephants
  11 sirens
  Maurice (Orc:1)
  Joseph (D:7)
  9 cyclopes
  A torpor snail (Lair:6)
  Psyche (D:11)
  An orange demon (Depths:1)
  13 spiny frogs
  3 gargoyles
  6 centaur skeletons
  45 yaktaurs
  3 large abominations (Depths:3)
  25 naga magi
  A guardian serpent (Snake:2)
  45 black mambas
  2 fire drakes
  A queen bee (shapeshifter) (Elf:2)
  2 tengu conjurers
  5 jumping spiders
  15 deep elf priests
  13 komodo dragons
  6 freezing wraiths
  5 trolls
  26 merfolk
  2 fire drakes (shapeshifter) (D:15)
  The ghost of Wabnappa the Ducker, an amateur DsGl (D:4)
  16 slime creatures
  18 two-headed ogres
  4 polar bears
  Prince Ribbit (D:6)
  2 trapdoor spider zombies
  20 blink frogs
  2 boulder beetles
  2 ettin zombies (Vaults:3)
  A blink frog (shapeshifter) (Vaults:2)
  Sigmund (D:3)
  An ettin skeleton (Vaults:3)
  A shadow (D:14)
  16 redbacks
  A fire elemental (Orc:4)
  2 air elementals (Depths:4)
  27 deep elf fighters
  6 wraiths
  2 humans (shapeshifter)
  11 snapping turtles
  4 basilisks
  A chaos spawn (Depths:3)
  2 tarantellas
  20 water elementals
  A tarantella (shapeshifter) (Depths:2)
  3 wyverns
  58 yaks
  24 deep elf magi
  3 vampires (Vaults:2)
  10 wargs
  A spriggan (Depths:4)
  A golden eye (shapeshifter) (Depths:3)
  22 vampire mosquitoes
  6 hippogriffs
  12 wolves (Lair:8)
  A steam dragon (D:12)
  15 water moccasins
  2 insubstantial wisps (D:12)
  36 nagas
  5 hungry ghosts
  5 mottled dragons
  13 porcupines
  A water moccasin (shapeshifter) (D:15)
  Duvessa (D:7)
  3 hell hounds
  51 orc warriors
  An eye of draining (shapeshifter) (Elf:1)
  An eye of draining (D:12)
  2 phantoms
  A necrophage (D:13)
  2 wasps
  2 ice beasts
  6 black bears
  5 sky beasts
  37 ogres
  The ghost of Kiel97 the Slasher, an amateur HuSk (D:3)
  11 boggarts
  A crocodile (shapeshifter) (Depths:1)
  8 small abominations (Depths:3)
  34 centaurs
  20 crocodiles
  19 giant frogs
  2 wyvern zombies
  An earth elemental (Lab)
  2 gnoll sergeants
  An elf skeleton (D:14)
  Dowan (D:7)
  2 big kobolds (D:14)
  A wyvern skeleton (D:14)
  11 killer bees
  5 scorpions
  7 wights
  11 electric eels
  3 vampire bats (Lair:8)
  3 quasits
  5 crimson imps
  A giant frog zombie (D:6)
  4 jellies
  A human simulacrum (Vaults:3)
  6 centaur zombies
  6 human zombies
  45 orc priests
  2 human skeletons
  3 iron imps (Depths:1)
  2 giant frog skeletons
  A gnoll shaman (D:9)
  Terence (D:3)
  5 hounds
  13 worker ants
  5 iguanas
  24 orc wizards
  24 sheep
  A hound zombie (D:5)
  A hound skeleton (D:9)
  A mummy (D:14)
  22 adders
  23 gnolls
  31 river rats
  7 shadow imps
  2 giant eyeballs (Depths:2)
  An ooze (D:2)
  An adder zombie (D:9)
  7 worms
  A worm (shapeshifter) (Elf:3)
  4 giant geckos
  215 orcs
  2 ball pythons
  16 bats
  14 goblins
  16 hobgoblins
  3 jackals (D:10)
  17 kobolds
  6 quokkas
  4 giant cockroaches
  A giant gecko skeleton (D:5)
  5 giant newts
  3 orc skeletons (D:14)
  An orc zombie (D:14)
  14 rats
  A fire vortex (Depths:3)
  A plant (D:12)
2194 creatures vanquished.

Vanquished Creatures (others)
  A deep elf death mage (Elf:3)
  A deep elf fighter (Elf:3)
  An orc warrior (Depths:2)
  A slave (D:5)
  4 ogres (Depths:2)
  2 centaurs
  A crimson imp (D:5)
  An orc wizard (D:5)
  A hound zombie (D:5)
  A river rat (Lair:5)
  3 orcs
  3 bushes (D:11)
  17 fungi
  17 plants
  12 tentacles (Shoals:3)
  462 tentacle segments (Shoals:3)
528 creatures vanquished.

Grand Total: 2722 creatures vanquished

Notes
Turn   | Place    | Note
--------------------------------------------------------------
     0 | D:1      | nebel the Spriggan Enchanter began the quest for the Orb.
     0 | D:1      | Reached XP level 1. HP: 9/9 MP: 5/5
   278 | D:1      | Reached XP level 2. HP: 11/13 MP: 6/6
   288 | D:1      | You fall through a shaft!
   289 | D:2      | Reached skill level 5 in Stealth
   360 | D:2      | Found a basalt altar of Yredelemnul.
   366 | D:2      | Noticed a profane servitor
   373 | D:2      | Found a glowing golden altar of the Shining One.
   375 | D:2      | Noticed an angel
   501 | D:2      | Reached XP level 3. HP: 16/16 MP: 8/8
   544 | D:2      | Reached skill level 6 in Stealth
   603 | D:2      | Found a bloodstained altar of Trog.
   603 | D:2      | Found an ancient bone altar of Kikubaaqudgha.
   666 | D:2      | Learned a level 2 spell: Ensorcelled Hibernation
   862 | D:2      | Reached XP level 4. HP: 11/21 MP: 4/9
   887 | D:2      | Learned a level 3 spell: Confuse
  1141 | D:2      | Found a burning altar of Makhleb.
  1145 | D:2      | Found a radiant altar of Vehumet.
  1419 | D:2      | Reached skill level 7 in Stealth
  2305 | D:3      | Noticed Kiel97's ghost (amateur HuSk)
  2376 | D:3      | Reached XP level 5. HP: 22/24 MP: 10/10
  2506 | D:3      | Noticed Sigmund
  2659 | D:3      | Killed Sigmund
  2659 | D:3      | Reached skill level 9 in Stealth
  2659 | D:3      | Reached XP level 6. HP: 28/28 MP: 11/11
  2696 | D:3      | Noticed Terence
  2707 | D:3      | Killed Terence
  2934 | D:3      | Found a sacrificial altar of Ru.
  3603 | D:4      | Noticed Wabnappa's ghost (amateur DsGl)
  3711 | D:3      | Killed Kiel97's ghost
  3711 | D:3      | Reached skill level 5 in Short Blades
  3830 | D:4      | Killed Wabnappa's ghost
  3830 | D:4      | Reached skill level 5 in Spellcasting
  3830 | D:4      | Reached XP level 7. HP: 18/32 MP: 0/15
  4167 | D:5      | Entered Level 5 of the Dungeon
  4285 | D:5      | Noticed Pikel
  4305 | D:5      | Killed Pikel
  4305 | D:5      | Reached XP level 8. HP: 36/36 MP: 15/22
  4310 | D:5      | Learned a level 3 spell: Dazzling Spray
  4454 | D:5      | Found an iron altar of Okawaru.
  4455 | D:5      | Found a blossoming altar of Fedhas.
  4571 | D:5      | Reached skill level 5 in Hexes
  4621 | D:5      | Found a white marble altar of Elyvilon.
  5250 | D:6      | Noticed Grinder
  5292 | D:6      | Reached XP level 9. HP: 39/39 MP: 15/23
  5433 | D:6      | Noticed Prince Ribbit
  5440 | D:6      | Killed Prince Ribbit
  5487 | D:6      | Found a deep blue altar of Sif Muna.
  5643 | D:6      | Reached skill level 1 in Fighting
  7039 | D:7      | Found a staircase to the Ecumenical Temple.
  7048 | Temple   | Entered the Ecumenical Temple
  7104 | Temple   | Became a worshipper of Dithmenos the Shadowed
  7165 | D:7      | Reached skill level 5 in Dodging
  7222 | D:7      | Found an opulent altar of Gozag.
  7306 | D:7      | Noticed Joseph
  7538 | D:7      | Noticed Dowan
  7540 | D:7      | Found a snail-covered altar of Cheibriados.
  7541 | D:7      | Noticed Duvessa
  7619 | D:7      | Killed Duvessa
  7660 | D:7      | Killed Dowan
  7660 | D:7      | Reached * piety under Dithmenos
  7757 | D:7      | Killed Joseph
  7757 | D:7      | Reached XP level 10. HP: 30/49 MP: 14/24
  8149 | D:8      | Reached skill level 10 in Stealth
  8296 | D:8      | Found Vaycs's General Store.
  8299 | D:8      | Bought 3 scrolls of teleportation for 144 gold pieces
  8299 | D:8      | Bought a scroll of identify for 32 gold pieces
  8299 | D:8      | Bought a scroll of identify for 32 gold pieces
  8393 | D:8      | Found a shattered altar of Ashenzari.
  8542 | D:8      | Reached skill level 11 in Stealth
  8919 | D:9      | Reached skill level 12 in Stealth
  9164 | D:9      | Reached skill level 13 in Stealth
  9361 | D:9      | Reached ** piety under Dithmenos
  9437 | D:9      | Reached skill level 14 in Stealth
  9644 | D:10     | Entered Level 10 of the Dungeon
  9919 | D:10     | Found a staircase to the Orcish Mines.
 10283 | D:10     | Noticed a cyclops
 10294 | D:10     | Killed a cyclops
 10294 | D:10     | Reached skill level 15 in Stealth
 10465 | D:11     | Noticed Erolcha
 10474 | D:11     | Killed Erolcha
 10474 | D:11     | Reached XP level 11. HP: 52/52 MP: 25/25
 11082 | D:11     | Reached *** piety under Dithmenos
 11307 | D:11     | Reached skill level 5 in Fighting
 11323 | D:11     | Noticed Psyche
 11548 | D:11     | Found a staircase to the Lair.
 11723 | D:11     | Killed Psyche
 11790 | Lair:1   | Entered Level 1 of the Lair of Beasts
 11982 | Lair:1   | Found a sacrificial altar of Ru.
 12228 | Lair:1   | Noticed a five-headed hydra
 12242 | Lair:1   | Killed a five-headed hydra
 12242 | Lair:1   | Reached skill level 10 in Short Blades
 12242 | Lair:1   | Reached XP level 12. HP: 47/62 MP: 23/26
 12309 | Lair:1   | Reached **** piety under Dithmenos
 13305 | Lair:2   | Got an ichor-stained robe
 13306 | Lair:2   | Identified the +1 robe "Usaklea" {rCorr Slay+3} (You found it on level 2 of the Lair of Beasts)
 13580 | Lair:3   | Noticed Urug
 13594 | Lair:3   | Killed Urug
 13606 | Lair:3   | Gained mutation: You possess an exceptional clarity of mind. [potion of beneficial mutation]
 13656 | Lair:3   | Noticed a seven-headed hydra
 13695 | Lair:3   | Killed a seven-headed hydra
 13818 | Lair:3   | Noticed Maud
 13825 | Lair:3   | Killed Maud
 14025 | Lair:3   | Noticed Sonja
 14028 | Lair:3   | Noticed Nergalle
 14030 | Lair:3   | Killed Sonja
 14035 | Lair:3   | Killed Nergalle
 14608 | Lair:4   | Noticed a five-headed hydra
 14615 | Lair:4   | Killed a five-headed hydra
 14643 | Lair:4   | Found a labyrinth entrance.
 14690 | Lab      | Entered a labyrinth
 15155 | Lab      | Found an exit through the horrors of the Abyss.
 15402 | Lab      | Noticed a minotaur
 15408 | Lab      | Killed a minotaur
 15445 | Lab      | Identified Pomapt's Catalogue of Virous Changing (You found it in a labyrinth)
 15455 | Lab      | Identified a +1 rod of the swarm (11/11) (You found it in a labyrinth)
 15457 | Lab      | Identified a +3 rod of destruction (12/12) (You found it in a labyrinth)
 15512 | Lair:4   | Found a staircase to the Snake Pit.
 15603 | Lair:4   | Found a staircase to the Shoals.
 15614 | Lair:4   | Reached XP level 13. HP: 67/67 MP: 21/27
 15836 | Lair:4   | Reached ***** piety under Dithmenos
 16790 | Lair:5   | Learned a level 3 spell: Gell's Gravitas
 16799 | Lair:5   | Learned a level 2 spell: Slow
 16801 | Lair:5   | Learned a level 1 spell: Apportation
 16804 | Lair:5   | Learned a level 2 spell: Blink
 17012 | Lair:5   | Lost mutation: You possess an exceptional clarity of mind. [potion of cure mutation]
 17033 | Lair:5   | Reached skill level 16 in Stealth
 17680 | Lair:6   | Reached skill level 17 in Stealth
 17867 | Lair:6   | Found a staircase to the Slime Pits.
 17867 | Lair:6   | Found a viscous altar of Jiyva.
 18400 | Lair:7   | Reached skill level 18 in Stealth
 18643 | Lair:7   | Reached skill level 19 in Stealth
 19743 | Lair:7   | Reached skill level 20 in Stealth
 19955 | Lair:7   | Reached XP level 14. HP: 56/73 MP: 21/28
 20049 | Lair:8   | Entered Level 8 of the Lair of Beasts
 20470 | Lair:8   | Reached skill level 21 in Stealth
 21196 | Lair:8   | Reached skill level 22 in Stealth
 21909 | Lair:8   | Reached skill level 23 in Stealth
 23021 | Orc:1    | Entered Level 1 of the Orcish Mines
 23556 | Orc:2    | Reached skill level 10 in Dodging
 23751 | Orc:3    | Reached ****** piety under Dithmenos
 23878 | Orc:1    | Found a radiant altar of Vehumet.
 24155 | Orc:1    | Noticed Harold
 24163 | Orc:1    | Killed Harold
 24403 | Orc:1    | Noticed Maurice
 24408 | Orc:1    | Killed Maurice
 24511 | Orc:3    | Found Hadwocuh's Jewellery Emporium.
 24895 | Orc:4    | Entered Level 4 of the Orcish Mines
 24919 | Orc:4    | Noticed an orc warlord
 24979 | Orc:4    | Killed an orc warlord
 25203 | Orc:4    | Found a roughly hewn altar of Beogh.
 25207 | Orc:4    | Found a staircase to the Elven Halls.
 25207 | Orc:4    | Noticed Azrael
 25233 | Orc:4    | Noticed Rupert
 25241 | Orc:4    | Killed Azrael
 25429 | Orc:4    | Killed Rupert
 25429 | Orc:4    | Reached XP level 15. HP: 77/77 MP: 27/29
 26144 | Orc:4    | Reached skill level 1 in Shields
 26153 | Orc:4    | Found a roughly hewn altar of Beogh.
 27850 | Orc:4    | Found Alyatz's Antique Armour Emporium.
 27853 | Orc:4    | Found Uliklenu's General Store.
 27854 | Orc:4    | Found Lesam's Antique Weapon Emporium.
 27855 | Orc:4    | Found Ziurhiwu's Magic Scroll Emporium.
 27859 | Orc:4    | Bought a scroll of identify for 24 gold pieces
 27859 | Orc:4    | Bought a scroll of identify for 24 gold pieces
 27861 | Orc:4    | Bought a scroll of blinking for 112 gold pieces
 27861 | Orc:4    | Bought a scroll of identify for 30 gold pieces
 27861 | Orc:4    | Bought a scroll of identify for 30 gold pieces
 27861 | Orc:4    | Bought a scroll of enchant weapon for 112 gold pieces
 27952 | Orc:4    | Reached skill level 5 in Shields
 28105 | Elf:1    | Entered Level 1 of the Elven Halls
 28446 | D:12     | Found Viacryes's Magic Scroll Shop.
 28768 | D:12     | Bought a scroll of teleportation for 39 gold pieces
 28768 | D:12     | Bought a scroll of remove curse for 39 gold pieces
 28768 | D:12     | Bought a scroll of teleportation for 39 gold pieces
 28768 | D:12     | Bought a scroll of blinking for 97 gold pieces
 28768 | D:12     | Bought 3 scrolls of identify for 78 gold pieces
 28768 | D:12     | Bought a scroll of enchant armour for 97 gold pieces
 28768 | D:12     | Bought a scroll of remove curse for 39 gold pieces
 28768 | D:12     | Bought a scroll of enchant weapon for 97 gold pieces
 28768 | D:12     | Bought a scroll of identify for 26 gold pieces
 28768 | D:12     | Bought a scroll of blinking for 97 gold pieces
 29839 | D:13     | Noticed Snorg
 29843 | D:13     | Killed Snorg
 30289 | D:13     | Found a burning altar of Makhleb.
 30355 | D:13     | Found Ucziuhen's Antique Weapon Emporium.
 31280 | D:14     | Gained mutation: Your system is resistant to poisons. [potion of beneficial mutation]
 31738 | D:14     | Found a gate to the Vaults.
 31792 | D:14     | Found an opulent altar of Gozag.
 31896 | D:14     | Found a basalt altar of Yredelemnul.
 32028 | D:14     | Found Necsuni's Jewellery Boutique.
 32035 | D:14     | Bought an uncursed ring of protection from cold for 425 gold pieces
 32093 | D:15     | Entered Level 15 of the Dungeon
 32435 | Temple   | Learned a level 4 spell: Leda's Liquefaction
 32440 | Temple   | Learned a level 4 spell: Cause Fear
 32810 | D:15     | Noticed crossborder's ghost (journeyman HOFi)
 32845 | D:15     | Killed crossborder's ghost
 32845 | D:15     | Reached XP level 16. HP: 81/81 MP: 16/30
 32997 | D:15     | Reached skill level 24 in Stealth
 33798 | D:15     | Found a staircase to the Depths.
 33816 | D:15     | Reached skill level 25 in Stealth
 33821 | Depths:1 | Entered Level 1 of the Depths
 33843 | Depths:1 | Found a one-way gate leading to the halls of Pandemonium.
 33934 | Depths:1 | Found Abloroock's Assorted Antiques.
 34073 | Depths:1 | Noticed Norris
 34077 | Depths:1 | Killed Norris
 34077 | Depths:1 | Reached skill level 26 in Stealth
 34118 | Depths:1 | Found Nufeuk's Needful Niceties.
 34364 | Depths:1 | Found a shattered altar of Ashenzari.
 34445 | Depths:1 | Reached skill level 27 in Stealth
 34788 | Depths:1 | Reached skill level 10 in Hexes
 35050 | Depths:1 | Reached XP level 17. HP: 38/85 MP: 14/31
 35393 | Depths:2 | Got a pitted lapis lazuli ring
 35396 | Depths:2 | Identified the ring "Kyosek" {*Confuse +Fly rN+ MR+++ Int+7} (You found it on level 2 of the Depths)
 35989 | Depths:2 | Found a shimmering altar of Xom.
 36034 | Depths:2 | Got a transparent brass ring
 36039 | Depths:2 | Identified the ring "Wourphal" {MR+ MP+9 Str+3 Int-2 Dex+4} (You found it on level 2 of the Depths)
 37022 | Depths:2 | Found a gateway to Hell.
 37223 | Depths:2 | Noticed a golden dragon
 37226 | Depths:2 | Killed a golden dragon
 37242 | Depths:2 | Noticed Margery
 38243 | Depths:2 | Found a one-way gate to the infinite horrors of the Abyss.
 38274 | Depths:2 | Reached skill level 10 in Fighting
 38388 | Depths:2 | HP: 3/89 [Margery/fireball (47)]
 38810 | Depths:2 | Noticed Saint Roka
 39143 | Depths:2 | Killed Saint Roka
 39166 | Depths:2 | Reached XP level 18. HP: 93/95 MP: 12/32
 39495 | Depths:2 | Got a glittering glass ring
 39498 | Depths:2 | Identified the ring "Coeshouwoth" {+/*Tele rF+ rC- rN+ MP+9} (You found it on level 2 of the Depths)
 40821 | Depths:3 | Found a gateway to a ziggurat.
 42002 | Depths:3 | Found Umiuro's Assorted Antiques.
 42011 | Depths:3 | Bought a potion of heal wounds for 190 gold pieces
 42011 | Depths:3 | Bought a potion of haste for 380 gold pieces
 42357 | Depths:3 | Reached skill level 15 in Short Blades
 42630 | Depths:4 | Noticed Louise
 43647 | Depths:4 | Noticed a lich
 43660 | Depths:4 | Reached XP level 19. HP: 104/104 MP: 33/33
 43912 | Depths:4 | Killed Louise
 44210 | Depths:4 | Noticed a juggernaut
 44308 | Depths:4 | Killed a lich
 45600 | Snake:1  | Entered Level 1 of the Snake Pit
 46031 | Snake:1  | Reached skill level 15 in Hexes
 47082 | Snake:2  | Learned a level 2 spell: Repel Missiles
 47387 | Snake:3  | Reached skill level 15 in Dodging
 49011 | Shoals:1 | Entered Level 1 of the Shoals
 49861 | Shoals:2 | Noticed Jorgrun
 49872 | Shoals:2 | Killed Jorgrun
 49977 | Shoals:2 | Found Kiachon's General Store.
 50016 | Shoals:2 | Noticed Wabnappa's ghost (journeyman DsGl)
 50324 | Shoals:2 | Killed Wabnappa's ghost
 50416 | Shoals:2 | Noticed Polyphemus
 50648 | Shoals:1 | Killed Polyphemus
 50755 | Shoals:2 | Reached XP level 20. HP: 107/109 MP: 28/34
 50990 | Shoals:2 | Found Tawimunn's Assorted Antiques.
 50999 | Shoals:2 | Bought a potion of haste for 330 gold pieces
 50999 | Shoals:2 | Bought a scroll of summoning for 313 gold pieces
 51129 | Shoals:2 | Found Taorod's Gadget Boutique.
 51290 | Shoals:3 | Gained mutation: You are robust (+10% HP). [potion of beneficial mutation]
 51291 | Shoals:3 | Gained mutation: You are very robust (+20% HP). [potion of beneficial mutation]
 52443 | Shoals:4 | Entered Level 4 of the Shoals
 52929 | Shoals:4 | HP: 2/130 [something] (11)]
 54186 | Shoals:4 | Got a barnacled rune of Zot
 54199 | Shoals:4 | Noticed Ilsuiw
 54465 | Shoals:4 | Killed Ilsuiw
 54805 | Snake:4  | Entered Level 4 of the Snake Pit
 58160 | Snake:4  | Reached XP level 21. HP: 133/138 MP: 35/35
 58407 | Snake:4  | Got a serpentine rune of Zot
 59212 | Elf:1    | Identified the Guide on Slavery
 59390 | Elf:1    | Noticed Asterion
 59393 | Elf:1    | Killed Asterion
 59435 | Elf:1    | Found Teni's Jewellery Shop.
 59691 | Elf:1    | Bought an uncursed amulet of clarity for 200 gold pieces
 60078 | Elf:2    | Found a magical portal.
 60108 | Elf:2    | Noticed Agnes
 60110 | Elf:2    | Killed Agnes
 60396 | Elf:2    | Found a runed door.
 60410 | Elf:2    | Reached skill level 15 in Fighting
 60602 | Elf:2    | Found a runed gate.
 60605 | Elf:2    | Found a runed gate.
 60605 | Elf:2    | Found a runed gate.
 61350 | Elf:3    | Entered Level 3 of the Elven Halls
 61390 | Elf:3    | Reached skill level 1 in Invocations
 61633 | Elf:3    | Found a radiant altar of Vehumet.
 62363 | Elf:3    | Reached skill level 5 in Invocations
 62450 | Elf:3    | Got a wavering turquoise ring
 62468 | Elf:3    | Got a vibrating pewter ring
 62487 | Elf:3    | Got a brightly glowing robe
 62489 | Elf:3    | Identified the ring "Deditz" {rPois Dex+4 SInv Stlth+} (You found it on level 3 of the Elven Halls)
 62492 | Elf:3    | Identified the ring "Orphogyda" {Ice *Contam +Inv Int+2} (You found it on level 3 of the Elven Halls)
 62497 | Elf:3    | Got a crude robe
 62508 | Elf:3    | Gained mutation: You expend magic power (3 MP) to strengthen your wands. [mutagenic glow]
 62509 | Elf:3    | Identified the +3 robe of the Moon {+Inv rPois Int+3} (You found it on level 3 of the Elven Halls)
 62519 | Elf:3    | Identified the +0 robe "Emudoj" {rElec} (You found it on level 3 of the Elven Halls)
 62594 | Elf:3    | Reached skill level 1 in Evocations
 62645 | Elf:3    | Identified the Grimoire of Damaging Fire
 62650 | Elf:3    | Got a twisted cloak
 62661 | Elf:3    | Identified the +1 cloak of the Mantidfly {*Contam rC+ MR++ Stlth+} (You found it on level 3 of the Elven Halls)
 62807 | Elf:3    | Identified the Disquisition on Dusty Changing (You found it on level 3 of the Elven Halls)
 63255 | Elf:3    | Reached skill level 5 in Evocations
 64858 | Vaults:1 | Entered Level 1 of the Vaults
 64888 | Vaults:1 | Reached skill level 10 in Evocations
 64900 | Vaults:1 | Reached XP level 22. HP: 146/146 MP: 36/36
 65722 | Vaults:1 | You fall through a shaft!
 65936 | Vaults:2 | Found a staircase to the Crypt.
 67404 | Vaults:3 | Reached skill level 15 in Evocations
 69050 | Vaults:4 | Found Powkidwo's Assorted Antiques.
 69057 | Vaults:4 | Bought a scroll of enchant weapon for 210 gold pieces
 69057 | Vaults:4 | Bought a potion of invisibility for 224 gold pieces
 69338 | Vaults:4 | Noticed Boris
 69345 | Vaults:4 | Killed Boris
 69957 | Vaults:4 | Reached XP level 23. HP: 151/151 MP: 37/37
 70744 | Vaults:5 | Entered Level 5 of the Vaults
 72393 | Vaults:5 | Noticed an ancient lich
 73049 | Vaults:5 | Noticed Boris
 74044 | Vaults:5 | Noticed an ancient lich
 74643 | Vaults:5 | HP: 6/151 [titan/the air (24)]
 74648 | Vaults:5 | Noticed a juggernaut
 74648 | Vaults:5 | a titan changed into a juggernaut
 74649 | Vaults:5 | a juggernaut changed into a titan
 74651 | Vaults:5 | Noticed a juggernaut
 74651 | Vaults:5 | a titan changed into a juggernaut
 74657 | Vaults:5 | Noticed a shard shrike
 74657 | Vaults:5 | a juggernaut changed into a shard shrike
 74661 | Vaults:5 | Killed from afar by a shard shrike (glowing shapeshifter)

Action                   |  1- 3 |  4- 6 |  7- 9 | 10-12 | 13-15 | 16-18 | 19-21 | 22-24 || total
-------------------------+-------+-------+-------+-------+-------+-------+-------+-------++-------
Melee: Dagger            |    67 |   132 |   169 |   464 |  1506 |   673 |   976 |   695 ||  4682
       Short sword       |       |    78 |   277 |       |       |       |       |       ||   355
 Cast: Ensorcelled Hiber |     3 |     8 |    36 |   154 |   327 |   149 |   372 |   150 ||  1199
       Confuse           |       |     4 |    23 |    11 |    42 |   129 |   152 |    67 ||   428
       Dazzling Spray    |       |       |       |     5 |    97 |   135 |   320 |    89 ||   646
       Leda's Liquefacti |       |       |       |       |       |       |       |     1 ||     1
Evoke: Stone of tremors  |       |       |       |       |       |       |       |     1 ||     1
       Disc of storms    |       |       |       |       |       |       |       |     1 ||     1
  Use: Scroll            |       |       |     1 |     8 |    22 |     5 |    23 |     4 ||    63
       Potion            |       |       |       |     5 |     5 |     2 |     3 |     7 ||    22
 Stab: Sleeping          |    15 |    20 |    57 |   132 |   343 |   200 |   317 |   220 ||  1304
       Distracted        |       |     2 |     1 |     6 |    39 |    16 |    17 |    26 ||   107
       Confused          |       |     6 |    17 |     9 |    26 |    71 |    68 |    29 ||   226
       Invisible         |       |       |       |       |    32 |    29 |    58 |    34 ||   153
  Eat: Pizza             |       |     1 |       |     1 |     2 |     5 |     9 |       ||    18
       Bread ration      |       |       |     1 |       |       |       |       |     1 ||     2
       Fruit             |       |       |       |     4 |    14 |     5 |     4 |     3 ||    30
       Royal jelly       |       |       |       |     1 |     1 |       |       |       ||     2
